 Dungeon Crawl Stone Soup version 0.17.0-25-gefc9c12 (webtiles) character file.

26049 lucasterio the Spear-Bearer (level 12, -10/116 HPs)
             Began as a Minotaur Berserker on Nov 18, 2015.
             Was a High Priest of Trog.
             Mangled by a hog (12 damage)
             ... led by Kirke
             ... on level 7 of the Lair of Beasts.
             The game lasted 01:15:05 (12998 turns).

lucasterio the Spear-Bearer (Minotaur Berserker)   Turns: 12998, Time: 01:15:05

Health: -10/116    AC:  0    Str: 28    XL:     12   Next: 94%
Magic:  0/14       EV: 14    Int:  4    God:    Trog [*****.]
Gold:   714        SH:  0    Dex:  9    Spells: 0 memorised, 11 levels left

rFire  . . .     SeeInvis .     (weapon currently unavailable)
rCold  . . .     Clarity  .     (armour currently unavailable)
rNeg   . . .     SustAt   .     (shield currently unavailable)
rPois  .         Gourm    .     (helmet currently unavailable)
rElec  .         Spirit   +     (cloak currently unavailable)
rCorr  .         Warding  .     (gloves currently unavailable)
rMut   .         Stasis   .     (boots currently unavailable)
MR     .....                    O - amulet of guardian spirit
Stlth  +.........               (ring currently unavailable)
                                (ring currently unavailable)

@: pig-form, very quick, not resistant to hostile enchantments, very unstealthy
A: (retaliatory headbutt), (horns 0)
a: Berserk, Trog's Hand, Brothers in Arms, Burn Spellbooks, Renounce Religion


You were on level 7 of the Lair of Beasts.
You worshipped Trog.
Trog was extremely pleased with you.
You were hungry.
You were a filthy swine.
You visited 2 branches of the dungeon, and saw 15 of its levels.

You collected 792 gold pieces.
You spent 78 gold pieces at shops.

Inventory:

Hand Weapons
 a - a +0 trident
 u - a +2 mace of protection
 w - a +5 antimagic glaive
 B - a +2 spear of venom (melded)
 S - a +0 shortbow
Missiles
 f - 178 arrows
 l - 16 arrows of frost
Armour
 d - a +0 shield (melded)
 q - a +2 pair of boots (melded)
 A - a +0 pair of gloves (melded)
 H - a +0 chain mail (melded)
 U - a +0 large shield
 Y - a +2 cloak (melded)
Jewellery
 O - an amulet of guardian spirit (around neck)
 P - the ring "Kawki" (melded) {rN+ Int+7}
   (You found it on level 7 of the Dungeon)

   [ring of positive energy]

   It affects your intelligence (+7).
   It protects you from negative energy.
 V - a ring of see invisible (melded)
Wands
 t - a wand of teleportation (4)
 C - a wand of magic darts (24)
 F - a wand of random effects (28)
 J - a wand of magic darts (28)
 K - a wand of slowing (16)
 Q - a wand of disintegration (8)
 T - a wand of digging (13)
Scrolls
 b - 2 scrolls of fear {unknown}
 e - 6 scrolls of remove curse
 i - 3 scrolls of fog {unknown}
 k - 7 scrolls of teleportation
 n - 9 scrolls of identify
 p - 3 scrolls of amnesia {unknown}
 r - 3 scrolls of immolation {unknown}
 x - a scroll of blinking {unknown}
 D - 4 scrolls of enchant armour {unknown}
 L - a scroll of enchant weapon {unknown}
 N - a scroll of magic mapping {unknown}
Potions
 h - 8 potions of curing
 o - a potion of haste {unknown}
 s - 2 potions of might
 v - 3 potions of heal wounds
 G - a potion of invisibility {unknown}
 M - a potion of mutation {unknown}
 R - 2 potions of poison {unknown}
 X - a potion of cancellation {unknown}
 Z - a potion of lignification {unknown}
Books
 y - a Fen Folio

   Spells                             Type                      Level
   a - Corpse Rot                     Necromancy                   2
   b - Stone Arrow                    Conjuration/Earth            3
   c - Leda's Liquefaction            Hexes/Earth                  4
   d - Summon Forest                  Summoning/Translocation      5
   e - Hydra Form                     Transmutation                6
   f - Summon Hydra                   Summoning                    7
   Trog disapproves of the use of such an item.
 z - a book of Annihilations

   Spells                             Type                      Level
   a - Poison Arrow                   Conjuration/Poison           6
   b - Chain Lightning                Conjuration/Air              8
   c - Lehudib's Crystal Spear        Conjuration/Earth            8
   d - Glaciate                       Conjuration/Ice              9
   e - Fire Storm                     Conjuration/Fire             9
   Trog disapproves of the use of such an item.
Miscellaneous
 m - a plain deck of summoning
Comestibles
 c - 7 bread rations
 g - 10 meat rations
 j - a royal jelly
 E - a slice of pizza
 I - 3 fruits
 W - 9 chunks of flesh


   Skills:
 + Level 13.9 Fighting
 + Level 14.1 Polearms
 + Level 12.6 Armour
 - Level 2.1 Dodging
 + Level 10.0 Shields
 - Level 4.4 Evocations


You had 11 spell levels left.
You didn't know any spells.

Dungeon Overview and Level Annotations

Branches:
Dungeon (8/15)             Temple (0/1) D:7            Lair (7/8) D:8
 Shoals (0/4) Lair:4       Spider (0/4) Lair:3
  Slime: Lair:6-8

Altars:
Ashenzari
Gozag
Nemelex Xobeh
The Shining One

Shops:
D:5 :*%*}

Annotations:
Lair:7 Kirke


Innate Abilities, Weirdness & Mutations

((You reflexively headbutt those who attack you in melee.))
((You have a pair of horns on your head.))


Message History

You barely miss Kirke.
Kirke is lightly wounded.
The hog misses you. The hog bites you!
* * * LOW HITPOINT WARNING * * *
Kirke points at you and mumbles some strange words.
You feel a momentary urge to oink.
You hit Kirke.
Kirke is lightly wounded.
The hog misses you. Kirke hits you!
* * * LOW HITPOINT WARNING * * *
You hit Kirke but do no damage.
Kirke is lightly wounded.
The hog bites you.
* * * LOW HITPOINT WARNING * * *
Kirke hits you!
* * * LOW HITPOINT WARNING * * *
You hit Kirke.
Kirke is lightly wounded.
The hog looks more healthy.
The hog bites you!
You die...

######## # ## ##.#..#.##
#.#.####......#.#
..............### .
.P..#..#......# ...
##..P##.#..##
#....#.h%...###.##
......@h%...##P..#
P...#.......###..##
#....P............#
............#....##
.....P...##......##....#
.#.........#.....##...P##
#..........#....###....#
...........#...###.....#
......................##


You could see Kirke and a hog.

Vanquished Creatures
  Harold (Lair:2)
  A centaur warrior (D:8)
  A hydra (Lair:2)
  A catoblepas (Lair:5)
  The ghost of zero the Severer, a novice DDBe of Trog (Lair:1)
  The ghost of Gravenous the Frost Mage, a novice OpIE of Cheibriados (D:8)
  9 elephants
  A hornet (shapeshifter) (D:8)
  4 black mambas
  9 spiny frogs
  4 komodo dragons
  2 fire drakes
  A boulder beetle (Lair:6)
  Prince Ribbit (D:7)
  11 blink frogs
  Sigmund (D:2)
  4 hogs (Lair:7)
  17 yaks
  A hippogriff (Lair:3)
  5 wolves (Lair:7)
  6 water moccasins
  8 porcupines
  2 ice beasts (D:7)
  An orc warrior (D:6)
  A sky beast (D:5)
  A necrophage (D:7)
  A phantom (D:7)
  4 ogres
  A centaur (D:7)
  8 crocodiles
  A big kobold (D:8)
  Blork the orc (D:5)
  11 giant frogs
  7 scorpions
  An electric eel (Lair:3)
  A crimson imp (D:5)
  2 giant frog zombies
  2 hounds
  3 orc priests
  A gnoll shaman (D:8)
  A giant frog skeleton (D:8)
  10 orc wizards
  Jessica (D:2)
  A quasit (D:8)
  Terence (D:2)
  Natasha (D:3)
  A centaur skeleton (D:5)
  7 iguanas
  9 worker ants
  8 sheep (Lair:6)
  A hound zombie (D:7)
  A hound skeleton (D:5)
  Robin (D:4)
  6 adders
  6 gnolls (D:8)
  38 river rats
  A shadow imp (D:5)
  An ooze (D:1)
  A worm (D:3)
  6 giant geckos
  27 orcs
  5 bats
  4 giant cockroaches
  21 hobgoblins
  3 jackals (D:3)
  A ball python (D:3)
  A giant gecko skeleton (D:4)
  4 giant newts
  19 goblins
  12 kobolds
  A quokka (D:4)
  6 rats
345 creatures vanquished.

Vanquished Creatures (collateral kills)
  Gastronok (Lair:2)
  A spiny frog (Lair:4)
  Duvessa (D:6)
  Dowan (D:6)
4 creatures vanquished.

Vanquished Creatures (others)
  A fungus (Lair:6)
  A plant (D:8)
2 creatures vanquished.

Grand Total: 351 creatures vanquished

Notes
Turn   | Place    | Note
--------------------------------------------------------------
     0 | D:1      | lucasterio the Minotaur Berserker began the quest for the Orb.
     0 | D:1      | Reached XP level 1. HP: 19/19 MP: 0/0
    76 | D:1      | Reached skill level 4 in Fighting
    95 | D:1      | Reached XP level 2. HP: 17/27 MP: 1/1
   561 | D:1      | Reached ** piety under Trog
   562 | D:1      | Reached XP level 3. HP: 34/34 MP: 2/2
   827 | D:2      | Noticed Terence
   845 | D:2      | Killed Terence
   917 | D:2      | Noticed Jessica
   940 | D:2      | Killed Jessica
   940 | D:2      | Reached skill level 5 in Fighting
   940 | D:2      | Reached XP level 4. HP: 26/42 MP: 3/3
  1197 | D:2      | Noticed Sigmund
  1215 | D:2      | Killed Sigmund
  1215 | D:2      | Reached skill level 5 in Polearms
  1215 | D:2      | Reached XP level 5. HP: 50/50 MP: 4/4
  1686 | D:3      | Reached XP level 6. HP: 52/57 MP: 5/5
  1844 | D:3      | Found a sparkling altar of Nemelex Xobeh.
  1965 | D:3      | Found a glowing golden altar of the Shining One.
  2096 | D:3      | Noticed Natasha
  2109 | D:3      | Killed Natasha
  2172 | D:4      | Reached skill level 6 in Fighting
  2315 | D:4      | Noticed Robin
  2322 | D:4      | Reached *** piety under Trog
  2327 | D:4      | Reached skill level 5 in Armour
  2358 | D:4      | Killed Robin
  2737 | D:4      | Reached XP level 7. HP: 59/64 MP: 6/6
  2813 | D:4      | HP: 3/64 [ogre/giant club (12)]
  2817 | D:4      | Reached skill level 7 in Fighting
  3142 | D:4      | Found a shattered altar of Ashenzari.
  3700 | D:5      | Entered Level 5 of the Dungeon
  3768 | D:5      | Reached XP level 8. HP: 39/73 MP: 7/7
  3783 | D:5      | Reached **** piety under Trog
  3853 | D:5      | Noticed Blork the orc
  3875 | D:5      | Killed Blork the orc
  4161 | D:5      | Found Nyifu's Gadget Boutique.
  4200 | D:5      | Found Tuczesed's Food Boutique.
  4275 | D:5      | Found Pes Buorph's Assorted Antiques.
  4330 | D:5      | Reached skill level 8 in Fighting
  4365 | D:5      | Found Kuonne Nuem's General Store.
  4373 | D:5      | Bought 3 scrolls of identify for 78 gold pieces
  4401 | D:5      | Found Monkey's Book Boutique.
  5114 | D:6      | Reached skill level 9 in Polearms
  5223 | D:6      | Reached XP level 9. HP: 81/83 MP: 8/8
  5347 | D:6      | Noticed Duvessa
  5347 | D:6      | Noticed Dowan
  5351 | D:6      | Killed Dowan
  5356 | D:6      | Killed Duvessa
  5575 | D:7      | Got a clouded amber ring
  5582 | D:7      | Identified the ring "Kawki" {rN+ Int+7} (You found it on level 7 of the Dungeon)
  5696 | D:7      | Found a staircase to the Ecumenical Temple.
  5893 | D:7      | Noticed Prince Ribbit
  5901 | D:7      | Killed Prince Ribbit
  5901 | D:7      | Reached skill level 10 in Polearms
  6088 | D:8      | Reached skill level 10 in Fighting
  6125 | D:8      | Noticed a komodo dragon
  6150 | D:8      | Found a staircase to the Lair.
  6158 | D:8      | Killed a komodo dragon
  6184 | D:8      | Found an opulent altar of Gozag.
  6255 | D:8      | Noticed Gravenous's ghost (novice OpIE)
  6263 | D:8      | Noticed a spiny frog
  6263 | D:8      | a spriggan changed into a spiny frog
  6267 | D:8      | Noticed a hornet
  6267 | D:8      | a spiny frog changed into a hornet
  6279 | D:8      | Killed Gravenous's ghost
  6279 | D:8      | Reached skill level 10 in Armour
  6279 | D:8      | Reached XP level 10. HP: 93/93 MP: 7/9
  6286 | D:8      | Paralysed by a hornet for 3 turns
  6287 | D:8      | Killed a hornet
  6292 | D:8      | Reached ***** piety under Trog
  6441 | D:8      | Reached skill level 11 in Polearms
  6697 | D:8      | Noticed a centaur warrior
  6709 | D:8      | Killed a centaur warrior
  6876 | Lair:1   | Entered Level 1 of the Lair of Beasts
  7071 | Lair:1   | Noticed zero's ghost (novice DDBe)
  7101 | Lair:1   | Killed zero's ghost
  7224 | Lair:1   | Reached skill level 12 in Polearms
  7713 | Lair:2   | Noticed a six-headed hydra
  7726 | Lair:2   | Killed a six-headed hydra
  7726 | Lair:2   | Reached XP level 11. HP: 45/104 MP: 3/10
  8049 | Lair:2   | Reached skill level 1 in Shields
  8480 | Lair:2   | Noticed Harold
  8497 | Lair:2   | Killed Harold
  8497 | Lair:2   | Reached skill level 1 in Evocations
  8563 | Lair:2   | Noticed Gastronok
  8574 | Lair:2   | Killed Gastronok
  9075 | Lair:3   | Found a hole to the Spider Nest.
  9285 | Lair:3   | Reached skill level 5 in Shields
 10170 | Lair:4   | Found a staircase to the Shoals.
 10278 | Lair:4   | Reached skill level 13 in Polearms
 10340 | Lair:4   | Reached XP level 12. HP: 93/115 MP: 9/13
 10721 | Lair:4   | Received a gift from Trog
 11364 | Lair:5   | Noticed a catoblepas
 11393 | Lair:5   | Killed a catoblepas
 12545 | Lair:6   | Reached skill level 14 in Polearms
 12821 | Lair:7   | Reached skill level 10 in Shields
 12975 | Lair:7   | Noticed Kirke
 12997 | Lair:7   | HP: 2/116 [Kirke (7)]
 12998 | Lair:7   | Mangled by a hog

Action                   |  1- 3 |  4- 6 |  7- 9 | 10-12 || total
-------------------------+-------+-------+-------+-------++-------
Melee: Spear             |    77 |   172 |   139 |   846 ||  1234
       Halberd           |       |       |   213 |    17 ||   230
       Unarmed           |       |       |       |    11 ||    11
Invok: Berserk           |     1 |     2 |     3 |     4 ||    10
       Trog's Hand       |     1 |     2 |     5 |     4 ||    12
       Brothers in Arms  |       |       |     1 |     2 ||     3
  Use: Potion            |       |     2 |       |     5 ||     7
       Scroll            |       |       |     6 |     6 ||    12
 Stab: Sleeping          |       |       |     1 |       ||     1
       Distracted        |       |       |       |     1 ||     1
  Eat: Chunk             |     1 |     8 |    15 |    24 ||    48
       Beef jerky        |       |       |       |     2 ||     2
